 Dungeon Sprint DCSS version 0.26.1-11-gd32895ea62 (webtiles) character file.

Game seed: 4386013509152514634

272 ComPlaying the Quickloader (level 6, -3/40 HPs)
             Began as a Kobold Hunter on Apr 18, 2021.
             Slain by a slime creature (15 damage)
             ... in the Dungeon (Sprint I: "Red Sonja").
             The game lasted 00:02:46 (331 turns).

ComPlaying the Quickloader (Kobold Hunter)           Turns: 331, Time: 00:02:48

Health: -3/40      AC:  3    Str: 10    XL:     6   Next: 48%
Magic:  6/6        EV: 17    Int: 12    God:
Gold:   108        SH:  0    Dex: 17    Spells: 5/5 levels left

rFire    . . .     SeeInvis .   a - +1 hand crossbow
rCold    . . .     Faith    .   (shield restricted)
rNeg     . . .     Spirit   .   c - +0 leather armour
rPois    .         Reflect  .   (no helmet)
rElec    .         Harm     .   (no cloak)
rCorr    .         Rampage  .   (no gloves)
Will     .....     NoTele   +   (no boots)
Stlth    +++.......             (no amulet)
HPRegen  0.13/turn              (no ring)
MPRegen  0.10/turn              (no ring)

@: no status effects
A: small, nightstalker 3
a: no special abilities


You were in the Dungeon.
You visited 1 branch You collected 108 gold pieces.

Inventory:

Hand Weapons
 a - a +1 hand crossbow (weapon)
 b - a +0 short sword
Missiles
 d - 12 bolts (quivered ammo)
Armour
 c - a +0 leather armour (worn)
Scrolls
 j - a scroll of blinking
Potions
 e - a potion of curing
 f - a potion of heal wounds
 g - a potion of haste
 h - 2 potions of magic
 i - a potion of berserk rage


   Skills:
 + Level 4.8 Fighting
 + Level 13.5 Crossbows
 + Level 1.3 Armour
 + Level 4.8 Dodging
 + Level 1.3 Stealth


You had 5 spell levels left.
You didn't know any spells.
Your spell library was empty.

Dungeon Overview and Level Annotations

Branches:
Dungeon (1/1)

Altars:
Makhleb
Wu Jian
Xom
Jiyva
Lugonu


Innate Abilities, Weirdness & Mutations

You are small and have problems with some larger weapons.
You are completely attuned to the shadows.


Message History

Aim: a slime creature (lightly wounded, 87% to hit)
You shoot a bolt. The bolt hits the slime creature.
The slime creature is lightly wounded.
The slime creature barely misses you.
There is an open door here.
Fire: 14 bolts
Press: ? - help, Q - select action Shift-Dir - straight line, f/p - slime creature
Aim: a slime creature (lightly wounded, 87% to hit)
You shoot a bolt.
The bolt barely misses the slime creature.
The slime creature hits you! The slime creature hits you!
* * * LOW HITPOINT WARNING * * *
Fire: 13 bolts
Press: ? - help, Q - select action Shift-Dir - straight line, f/p - slime creature
Aim: a slime creature (lightly wounded, 87% to hit)
You shoot a bolt. The bolt hits the slime creature!
The slime creature is lightly wounded.
The slime creature hits you!
You die...

################ ##
#<.#..)..#..J.(#__#
#..'..#..'.@#.('((+
#..#####+#####'#__#
#).# #)# ## #.[#
#$# #..# _.+ #⌠⌠#
####


You could see a slime creature.

Vanquished Creatures
  Sigmund (D)
  An ogre (D)
  Ijyb (D)
3 creatures vanquished.

Vanquished Creatures (others)
  A gargoyle (D)
1 creature vanquished.

Grand Total: 4 creatures vanquished

Notes
Turn   | Place    | Note
-------+----------+-------------------------------------------
     0 | D        | ComPlaying the Kobold Hunter began the quest for the Orb.
     0 | D        | Reached XP level 1. HP: 12/12 MP: 1/1
     1 | D        | Noticed Ijyb
    11 | D        | Killed Ijyb
    12 | D        | Reached skill level 7 in Crossbows
    12 | D        | Reached XP level 2. HP: 9/18 MP: 2/2
    12 | D        | Reached XP level 3. HP: 11/22 MP: 3/3
   114 | D        | Killed a gargoyle
   169 | D        | Noticed an ogre
   179 | D        | Killed an ogre
   180 | D        | Reached skill level 10 in Crossbows
   180 | D        | Reached XP level 4. HP: 29/29 MP: 4/4
   180 | D        | Reached XP level 5. HP: 33/33 MP: 5/5
   193 | D        | Noticed Sigmund
   209 | D        | Killed Sigmund
   210 | D        | Reached skill level 13 in Crossbows
   210 | D        | Reached skill level 1 in Armour
   210 | D        | Reached XP level 6. HP: 28/40 MP: 6/6
   321 | D        | Found an ornate altar of the Wu Jian Council.
   323 | D        | Found a burning altar of Makhleb.
   323 | D        | Found a viscous altar of Jiyva.
   323 | D        | Found a shimmering altar of Xom.
   323 | D        | Found a corrupted altar of Lugonu.
   323 | D        | Noticed a slime creature
   331 | D        | Slain by a slime creature

Illustrated notes

Levels and vault maps discovered:
D:        dungeon_sprint_1 [red_sonja_temple_1, red_sonja_temple_small_1]

Skill      XL: |  1  2  3  4  5 |
---------------+----------------+-----
Crossbows      | 7 10 13 | 13.5
Dodging        | 3 4 |  4.8
Fighting       | 3 4 |  4.8
Armour         | 1 |  1.3
Stealth        | |  1.3

Action                   |  1- 3 |  4- 6 || total
-------------------------+-------+-------++-------
 Fire: Hand crossbow     |    11 |    12 ||    23
Armor: Leather armour    |     1 |       ||     1
Dodge: Dodged            |     2 |     6 ||     8
